 Dungeon Crawl Stone Soup version 0.27.0-1-g7a08968 (webtiles) character file.

Game seed: 18354867353850458391

298 Illumine the Skirmisher (level 6, -10/52 HPs)
             Began as a Draconian Arcane Marksman on Aug 7, 2021.
             Killed by divine providence
             ... invoked by an orc priest
              (16 damage)
             ... on level 5 of the Dungeon.
             The game lasted 00:07:16 (3207 turns).

Illumine the Skirmisher (Draconian Arcane Marksman) Turns: 3207, Time: 00:07:17

Health: -10/52     AC:  6    Str: 14    XL:     6   Next: 13%
Magic:  7/7        EV: 12    Int: 13    God:
Gold:   114        SH:  0    Dex: 12    Spells: 4/7 levels left

rFire    . . .     SeeInvis .   a - +0 shortbow
rCold    . . .     Faith    .   (shield currently unavailable)
rNeg     . . .     Spirit   .   (armour unavailable)
rPois    .         Reflect  .   (helmet restricted)
rElec    .         Harm     .   (no cloak)
rCorr    .         Rampage  .   (no gloves)
Will     .....                  (no boots)
Stlth    +.........             (no amulet)
HPRegen  0.17/turn              (no ring)
MPRegen  0.10/turn              (no ring)

@: no status effects
A: AC +6, unfitting armour, cold-blooded
a: no special abilities


You were on level 5 of the Dungeon.
You visited 1 branch of the dungeon, and saw 5 of its levels.

You collected 114 gold pieces.

Inventory:

Hand Weapons
 a - a +0 shortbow (weapon)
 q - a +0 flail of protection
Missiles
 c - 47 arrows (quivered ammo)
 d - 14 poisoned darts
 g - 5 boomerangs
 h - 2 javelins
 i - 56 stones
Wands
 w - a wand of iceblast (5)
Scrolls
 f - 2 scrolls of vulnerability {unknown}
 j - a scroll of fog {unknown}
 k - a scroll of amnesia {unknown}
 m - a scroll of holy word {unknown}
 o - 2 scrolls of magic mapping {unknown}
 r - a scroll of enchant armour {unknown}
 s - 2 scrolls of brand weapon {unknown}
 v - a scroll of identify {unknown}
Potions
 b - 2 potions of attraction {unknown}
 e - a potion of flight {unknown}
 l - a potion of berserk rage {unknown}
 n - a potion of ambrosia {unknown}
 p - 2 potions of curing {unknown}
 t - a potion of degeneration {unknown}
 u - a potion of lignification {unknown}


   Skills:
 + Level 3.9 Fighting
 * Level 3.3 Maces & Flails
 * Level 3.7 Bows
 - Level 1.7 Dodging
 - Level 1.0 Spellcasting
 - Level 2.6 Hexes


You had 4 spell levels left.
You knew the following spells:

 Your Spells              Type           Power      Damage    Failure   Level
a - Corona                Hex            7%         N/A       10%         1
b - Slow                  Hex            7%         N/A       14%         2

Your spell library contained the following spells:

 Spells                   Type           Power      Damage    Failure   Level
 Animate Skeleton         Necr           0%         N/A       28%         1
 Pain                     Necr           0%         1d4       28%         1
 Confusing Touch          Hex            7%         N/A       28%         3
 Inner Flame              Hex/Fire       4%         N/A       43%         3
 Portal Projectile        Hex/Tloc       8%         N/A       43%         3
 Vampiric Draining        Necr           0%         2d6       63%         3
 Cause Fear               Hex            3%         N/A       67%         4


Dungeon Overview and Level Annotations

Branches:
Dungeon (5/15)
 Temple: D:4-7

Altars:
The Shining One

Shops:
D:4 !

Annotations:
D:4 2 runed translucent doors


Innate Abilities, Weirdness & Mutations

Your plain brown scales are hard. (AC +6)
You cannot fit into any form of body armour.
You are cold-blooded and may be slowed by cold attacks.


Message History

Press: ? - help, Shift-Dir - straight line, f - hound skeleton
Aim: a hound skeleton (severely damaged)
The mass of ice explodes!
The iceblast engulfs the hound skeleton!
The hound skeleton partially resists.
You destroy the hound skeleton!
The iceblast engulfs the howler monkey skeleton.
The howler monkey skeleton partially resists.
The howler monkey skeleton is heavily damaged.
Unknown command.
Fire: 50 arrows
Press: ? - help, Q - select action, (/) - cycle Shift-Dir - straight line, f - howler monkey skeleton
Aim: a howler monkey skeleton (heavily damaged, 82% to hit)
You shoot an arrow.
The arrow hits the howler monkey skeleton but does no damage.
The howler monkey skeleton is heavily damaged.
Aiming: Iceblast
Press: ? - help, Shift-Dir - straight line, p - howler monkey skeleton The mass of ice explodes!
The iceblast engulfs the orc priest!
The orc priest is almost dead.
The iceblast engulfs the howler monkey skeleton!
The howler monkey skeleton partially resists.
You destroy the howler monkey skeleton!
You hear a shout!
The orc priest calls down the wrath of Beogh upon you.
Pain shoots through your body!
* * * LOW HITPOINT WARNING * * *
Unknown command.
Fire: 49 arrows
Press: ? - help, Q - select action, (/) - cycle Shift-Dir - straight line, f - orc priest
Aim: an orc priest, wielding a +0 hand axe and wearing a +0 leather armour (almost dead, 59% to hit)
You shoot an arrow. The arrow barely misses the orc priest.
The orc priest looks satisfied for a moment.
Fire: 48 arrows
Press: ? - help, Q - select action, (/) - cycle Shift-Dir - straight line, f/p - orc priest
Aim: an orc priest, wielding a +0 hand axe and wearing a +0 leather armour (almost dead, 59% to hit)
You shoot an arrow. The arrow barely misses the orc priest.
The orc priest mumbles some strange prayers to Beogh against you.
Beogh smites you!
You die...

.....##### #
#...##...## #.
.........# #.
#..##....# ##
##..##..##...####.#
#.......##...##..>#
#.......o....#)@..#
#.:....<....o(....#
+.......##(..##..##
#.......##########
######..# ####


You could see an orc priest.

Vanquished Creatures
  A scorpion (D:3)
  A hound (D:4)
  3 orc priests
  A hound skeleton (D:5)
  2 gnolls
  A howler monkey skeleton (D:5)
  2 worms
  A dart slug (D:2)
  8 orcs
  8 ball pythons
  7 bats
  6 endoplasms
  A giant cockroach (D:4)
  7 goblins
  4 hobgoblins
  2 jackals (D:4)
  2 frilled lizards (D:2)
  5 kobolds
  6 rats
68 creatures vanquished.

Vanquished Creatures (others)
  15 plants (D:3)
15 creatures vanquished.

Grand Total: 83 creatures vanquished

Notes
Turn   | Place    | Note
-------+----------+-------------------------------------------
     0 | D:1      | Illumine the Draconian Arcane Marksman began the quest for
                  | the Orb.
     0 | D:1      | Reached XP level 1. HP: 16/16 MP: 2/2
   250 | D:1      | Reached XP level 2. HP: 22/23 MP: 3/3
   253 | D:1      | Learned a level 2 spell: Slow
   791 | D:2      | Reached skill level 1 in Maces & Flails
  1076 | D:2      | Reached XP level 3. HP: 29/29 MP: 4/4
  1328 | D:3      | Found a faded altar of an unknown god.
  1663 | D:3      | Reached XP level 4. HP: 33/37 MP: 5/5
  2106 | D:3      | Found a glowing golden altar of the Shining One.
  2450 | D:4      | Reached XP level 5. HP: 38/45 MP: 6/6
  2875 | D:4      | Found Yheluet's Distillery.
  3009 | D:4      | Found a large runed translucent door.
  3013 | D:4      | Found a large runed translucent door.
  3187 | D:4      | Reached XP level 6. HP: 52/52 MP: 7/7
  3191 | D:5      | Entered Level 5 of the Dungeon
  3207 | D:5      | Killed from afar by an orc priest

Illustrated notes

Levels and vault maps discovered:
D:1:      sevenhm_arrival_forest_fort_large_2, layout_rooms
D:2:      layout_rooms, nrook_campfire
D:3:      layout_rooms, nicolae_tso_swordbearing_angel, basic_ecumenical_altar,
          serial_bayou_lagoon_b
D:4:      layout_rooms, jmf_multi_god_temple2, serial_glass, glass_columns_b,
          glass_columns_a, serial_shops, shop
D:5:      layout_gridville, palyth_stone_intersect

Skill      XL: |  1  2  3  4  5 |
---------------+----------------+-----
Bows           | 2 3 |  3.7
Fighting       | 2 3 |  3.9
Maces & Flails | 1 2 3 |  3.3
Dodging        | |  1.7
Spellcasting   | |  1.0
Hexes          | |  2.6

Action                   |  1- 3 |  4- 6 || total
-------------------------+-------+-------++-------
Melee: Mace              |    82 |       ||    82
       Tailslap          |    10 |     7 ||    17
       Flail             |       |    95 ||    95
 Fire: Shortbow          |    17 |    27 ||    44
Throw: Boomerang         |    17 |    12 ||    29
       Stone             |     2 |       ||     2
Evoke: Wand              |       |     3 ||     3
Armor: Skin              |    23 |    41 ||    64
Dodge: Dodged            |    64 |    74 ||   138
